 Dungeon Crawl Stone Soup version 0.29-a0-341-g24ffce5b50 (webtiles) character file.

Game seed: 15402470829470643567

27 Jortsu the Shield-Bearer (level 2, 0/29 HPs)
             Began as a Troll Fighter on Apr 20, 2022.
             Was a Follower of Wu Jian.
             Killed from afar by Sigmund (5 damage)
             ... with a magic dart
             ... on level 2 of the Dungeon.
             The game lasted 00:01:16 (1296 turns).

Jortsu the Shield-Bearer (Troll Fighter)            Turns: 1296, Time: 00:01:17

Health: 0/29       AC:  4    Str: 23    XL:     2   Next: 93%
Magic:  1/1        EV:  8    Int:  4    God:    Wu Jian [*.....]
Gold:   44         SH:  7    Dex:  9    Spells: 1/1 levels left

rFire   . . .      SeeInvis .   a - +0 flail
rCold   . . .      Faith    .   c - +0 kite shield
rNeg    . . .      Spirit   .   b - +0 robe
rPois   .          Reflect  .   (helmet restricted)
rElec   .          Harm     .   (no cloak)
rCorr   .          Rampage  .   (gloves unavailable)
Will    .....                   (boots unavailable)
Stlth   +.........              h - amulet of the acrobat
HPRegen 0.89/turn               (no ring)
MPRegen 0.07/turn               (no ring)

@: mighty
A: large, unfitting armour, claws 3, regeneration 1, shaggy fur 1, tough skin 1
a: Renounce Religion


You were on level 2 of the Dungeon.
You worshipped Wu Jian.
Wu Jian was aware of your devotion.
You visited 1 branch of the dungeon, and saw 2 of its levels.

You collected 44 gold pieces.

Inventory:

Hand Weapons
 a - a +0 flail (weapon)
Armour
 b - a +0 robe (worn)
 c - a +0 kite shield (worn)
Jewellery
 h - an amulet of the acrobat (around neck)
 i - a ring of willpower
 j - an amulet of guardian spirit
Potions
 e - a potion of curing
 f - a potion of attraction {unknown}
 g - a potion of cancellation {unknown}


   Skills:
 + Level 2.6 Fighting
 + Level 2.2 Maces & Flails
 + Level 2.6 Dodging
 + Level 2.7 Shields


You had one spell level left.
You didn't know any spells.
Your spell library contained the following spells:

 Spells                   Type           Power      Damage    Failure   Level
 Sublimation of Blood     Necr           0%         N/A       91%         2
 Wereblood                Tmut           0%         N/A       91%         2
 Summon Hydra             Summ           0%         N/A       100%        7


Dungeon Overview and Level Annotations

Branches:
Dungeon (2/15)

Altars:
Wu Jian

Annotations:
D:2 Sigmund


Innate Abilities, Weirdness & Mutations

You are too large for most types of armour.
You have claws for hands.
Your natural rate of healing is unusually fast.
You are covered in fur. (AC +1)
You have tough skin. (AC +1)


Message History

You miss the quokka.
The quokka is almost dead.
The quokka bites you. The quokka closely misses you.
You sock the quokka!
You kill the quokka!
The Council accepts your kill.
A giant cockroach comes into view.
A giant cockroach is nearby!
Found a metallic brown potion.
Sigmund the Dreaded comes into view.
He is wielding a +0 scythe.
Found a smoky sapphire potion.
You block the giant cockroach's attack. The giant cockroach misses you.
You spin and attack the giant cockroach.
You sock the giant cockroach!
You kill the giant cockroach!
The Council accepts your kill.
Sigmund points at you and mumbles some strange words.
The puff of flame hits you.
Sigmund points at you and mumbles some strange words.
You resist with significant effort.
You see here a giant cockroach corpse.
You feel very mighty all of a sudden.
Sigmund smiles chillingly.
You block Sigmund's attack.
You see here a giant cockroach corpse.
You barely miss Sigmund. Sigmund hits you with a +0 scythe.
You barely miss Sigmund.
Sigmund mumbles some strange words.
Sigmund flickers and vanishes!
Deactivating autopickup; reactivate with Ctrl-A.
You barely miss something. Something hits you.
You miss something. Something hits you!
You miss something. Something hits you!
* * * LOW HITPOINT WARNING * * *
You barely miss something. You block something's attack.
You miss something.
You hear some strange, mumbled words.
A magic dart appears from out of thin air!
The magic dart hits you.
You die...

#........#
#.#.#.#..#
#........#
#.#.#.#.)#
#........#
#.#.#....#
#........#
#.#.####.#
####........#
#.#.# #.#
............#
#.#.# .#
............#
....###.†..##
... #@#.##
#{#........
#.##.......
!.# .......
..# ....!..
...# .......
...# .......
....# .......


There were no monsters in sight!

Vanquished Creatures
  A worm (D:2)
  A ball python (D:2)
  3 giant cockroaches
  A hobgoblin (D:2)
  3 jackals (D:1)
  2 kobolds (D:1)
  2 quokkas
  3 bats (D:1)
  2 frilled lizards (D:1)
  A goblin (D:1)
  3 rats (D:1)
22 creatures vanquished.

Notes
Turn   | Place    | Note
-------+----------+-------------------------------------------
     0 | D:1      | Jortsu the Troll Fighter began the quest for the Orb.
     0 | D:1      | Reached XP level 1. HP: 22/22 MP: 0/0
   222 | D:1      | Noticed a golden eye
   225 | D:1      | Found a faded altar of an unknown god.
   227 | D:1      | Noticed a floating eye
   234 | D:1      | Noticed an eye of devastation
   237 | D:1      | Noticed a great orb of eyes
   251 | D:1      | Reached XP level 2. HP: 29/29 MP: 1/1
   260 | D:1      | Prayed at the altar of an unknown god.
   260 | D:1      | Became a worshipper of the Wu Jian Council
   260 | D:1      | Reached * piety under Wu Jian
  1282 | D:2      | Noticed Sigmund
  1296 | D:2      | Killed from afar by Sigmund

Illustrated notes

Levels and vault maps discovered:
D:1:      onia_arrival_mini_spirals, layout_loops_corners,
          hellmonk_ecumenical_altar_watching_god
D:2:      minmay_razor_zed, layout_basic, grunt_ministairs_3, uniq_terence,
          uniq_sigmund

Skill      XL: |  1  2 |
---------------+-------+-----
Maces & Flails | 2 |  2.2
Fighting       | |  2.6
Dodging        | |  2.6
Shields        | |  2.7

Action                   || total
-------------------------++-------
Melee: Flail             ||    98
Invok: Lunge             ||     5
       Whirlwind         ||     2
  Use: Scroll            ||     1
       Potion            ||     1
 Stab: Sleeping          ||     1
Armor: Robe              ||    38
Dodge: Dodged            ||    61
Block: Kite shield       ||    37

Table legend: (Time is in decaauts)
 A = Elapsed time spent in this place.
 B = Non-inter-level travel time spent in this place.
 C = Inter-level travel time spent in this place.
 D = Time resting spent in this place.
 E = Time spent auto-exploring this place.
 F = Levels seen in this place.
 G = Mean time per level.
                   A        B        C        D        E       F      G
               +--------+--------+--------+--------+--------+-----+--------+
         Total |   1336 |   1297 |     39 |      0 |   1027 |   2 |  668.0 |
       Dungeon |   1336 |   1297 |     39 |      0 |   1027 |   2 |  668.0 |
               +--------+--------+--------+--------+--------+-----+--------+

Top non-repeatable levels by time:
     D:1: 1064 daAuts
     D:2: 272 daAuts
